 Dungeon Crawl Stone Soup version 0.29.0-11-gd7f09526c8 (webtiles) character file.

Game seed: 1058444410950217530

119 Powertoast the Ruffian (level 4, -2/45 HPs)
             Began as a Troll Fighter on Sept 4, 2022.
             Slain by Crazy Yiuf
             ... wielding a +4 quarterstaff of chaos
              (5 damage)
             ... on level 2 of the Dungeon.
             The game lasted 00:05:53 (1510 turns).

Powertoast the Ruffian (Troll Fighter)              Turns: 1510, Time: 00:05:54

Health: -2/45      AC:  4    Str: 26    XL:     4   Next: 73%
Magic:  3/3        EV:  8    Int:  4    God:
Gold:   68         SH:  7    Dex:  9    Spells: 3/3 levels left

rFire   . . .      SeeInvis .     - Unarmed
rCold   . . .      Faith    .   b - +0 kite shield
rNeg    . . .      Spirit   .   a - +0 robe
rPois   .          Reflect  .   (helmet restricted)
rElec   .          Harm     .   (no cloak)
rCorr   .          Rampage  .   (gloves unavailable)
Will    .....                   (boots unavailable)
Stlth   +.........              (no amulet)
HPRegen 0.95/turn               (no ring)
MPRegen 0.08/turn               (no ring)

@: no status effects
A: large, unfitting armour, claws 3, regeneration 1, shaggy fur 1, tough skin 1
a: no special abilities


You were on level 2 of the Dungeon.
You visited 1 branch of the dungeon, and saw 2 of its levels.

You collected 68 gold pieces.

Inventory:

Armour
 a - a +0 robe (worn)
 b - a +0 kite shield (worn)
Scrolls
 d - a scroll of noise {unknown}
 f - a scroll of identify {unknown}
 g - a scroll of magic mapping {unknown}
 h - a scroll of fear {unknown}
 i - a scroll of poison {unknown}
 j - a scroll of teleportation {unknown}
 m - a scroll of blinking {unknown}
 n - a scroll of vulnerability {unknown}
Potions
 c - a potion of might
 e - 3 potions of resistance {unknown}
 k - a potion of magic {unknown}
 l - 2 potions of lignification {unknown}
 o - a potion of flight {unknown}


   Skills:
 - Level 3.0 Fighting
 - Level 2.4 Dodging
 - Level 2.6 Shields
 + Level 4.5 Unarmed Combat


You had 3 spell levels left.
You didn't know any spells.
Your spell library contained the following spells:

 Spells                   Type           Power      Damage    Failure   Level
 Foxfire                  Conj/Fire      0%         2x1d4     80%         1


Dungeon Overview and Level Annotations

Branches:
Dungeon (2/15)

Altars:

Annotations:
D:2 Crazy Yiuf


Innate Abilities, Weirdness & Mutations

You are too large for most types of armour.
You have claws for hands.
Your natural rate of healing is unusually fast.
You are covered in fur. (AC +1)
You have tough skin. (AC +1)


Message History

The bush is lightly damaged.
You scratch the bush but do no damage.
The bush is lightly damaged.
You scratch the bush.
The bush is lightly damaged.
You scratch the bush.
The bush is lightly damaged.
You scratch the bush but do no damage.
The bush is lightly damaged.
You scratch the bush.
The bush is moderately damaged.
You scratch the bush.
The bush is moderately damaged.
You claw the fungus!
The fungus begins to die.
The fungus is lightly damaged.
You mangle the fungus!!
The fungus is lightly damaged.
You claw the fungus!
The fungus is lightly damaged.
A nearby fungus withers and dies.
Found a hammer.
Found a runed translucent door.
Crazy Yiuf shouts!
Crazy Yiuf glowers.
You open the door. You closely miss Crazy Yiuf.
Crazy Yiuf says, "Hah down childish!"
Crazy Yiuf hits you with a +4 quarterstaff of chaos!
You are electrocuted!!
You closely miss Crazy Yiuf. You block Crazy Yiuf's attack.
Crazy Yiuf attacks as you move away!
Crazy Yiuf hits you with a +4 quarterstaff of chaos!
* * * LOW HITPOINT WARNING * * *
Crazy Yiuf whimpers, "Pitchfork testudinal testudinal!"
Crazy Yiuf attacks as you move away! You block Crazy Yiuf's attack.
Crazy Yiuf flaps his cloak.
Crazy Yiuf attacks as you move away!
Crazy Yiuf hits you with a +4 quarterstaff of chaos!
* * * LOW HITPOINT WARNING * * *
Crazy Yiuf burns you.
You die...

... #..<###.#.##
#'# #......#..#
♣.♣♣ #......#..##
♣♣.♣ #........[..
♣.♣♣ ####......##
♣♣.♣ #####....
♣♣.♣♣ #.###
♣♣g..♣ #.# ♣P@PP♣
#.# ##..##
#######.# #....##
#......>#
#...#.###.#######
##........#
##########


You could see Crazy Yiuf.

Vanquished Creatures
  Jessica (D:2)
  Robin (D:2)
  2 adders (D:2)
  A worm (D:1)
  A dart slug (D:2)
  6 ball pythons
  3 bats
  5 endoplasms
  4 giant cockroaches
  15 goblins
  4 hobgoblins
  4 quokkas
  A frilled lizard (D:1)
  2 kobolds
  7 rats
57 creatures vanquished.

Vanquished Creatures (others)
  A fungus (D:2)
  A plant (D:1)
2 creatures vanquished.

Grand Total: 59 creatures vanquished

Notes
Turn   | Place    | Note
-------+----------+-------------------------------------------
     0 | D:1      | Powertoast the Troll Fighter began the quest for the Orb.
     0 | D:1      | Reached XP level 1. HP: 22/22 MP: 0/0
   151 | D:1      | Reached XP level 2. HP: 24/29 MP: 1/1
   312 | D:1      | Found a faded altar of an unknown god.
   317 | D:1      | Got Plato's Monograph on Calefaction
   449 | D:1      | Reached XP level 3. HP: 37/37 MP: 2/2
   687 | D:2      | Reached skill level 3 in Unarmed Combat
   723 | D:2      | Noticed Robin
   789 | D:2      | Killed Robin
   909 | D:2      | Reached XP level 4. HP: 45/45 MP: 3/3
   911 | D:2      | Reached skill level 4 in Unarmed Combat
   979 | D:2      | Noticed Jessica
   982 | D:2      | Killed Jessica
  1497 | D:2      | Found a runed translucent door.
  1498 | D:2      | Noticed Crazy Yiuf
  1510 | D:2      | Slain by Crazy Yiuf

Illustrated notes

Levels and vault maps discovered:
D:1:      dpeg_arrival_brainrot, layout_basic,
          shapermc_ecumenical_altar_rom_forum, minmay_fountain_box
D:2:      layout_loops_cross, uniq_jessica, uniq_robin, uniq_crazy_yiuf_cottage

Skill      XL: |  1  2  3  4 |
---------------+-------------+-----
Fighting       | 3 |  3.0
Unarmed Combat | 3 4 |  4.5
Dodging        | |  2.4
Shields        | |  2.6

Action                   |  1- 3 |  4- 6 || total
-------------------------+-------+-------++-------
Melee: Unarmed           |   105 |    62 ||   167
 Stab: Sleeping          |     1 |       ||     1
Armor: Robe              |    48 |    19 ||    67
Dodge: Dodged            |    49 |    15 ||    64
Block: Kite shield       |    51 |    18 ||    69
